 Dungeon Crawl Stone Soup version 0.25.0-26-g0c896c7088 (webtiles) character file.

Game seed: 4488602940627850161

(classic levelgen) 144848 EnegeticOcto the Sharpshooter (level 16, -1/153 HPs)
             Began as a Deep Dwarf Fighter on July 4, 2020.
             Was the Champion of Okawaru.
             Splashed by an acid blob's acid (2 damage)
             ... created by the Royal Jelly
             ... on level 5 of the Pits of Slime.
             The game lasted 00:59:54 (4278 turns).

EnegeticOcto the Sharpshooter (Deep Dwarf Fighter)  Turns: 4278, Time: 00:59:55

Health: -1/153     AC: 22    Str: 24    XL:     16   Next: 21%
Magic:  0/8        EV: 17    Int: 12    God:    Okawaru [******]
Gold:   586        SH:  5    Dex: 18    Spells: 15/15 levels left

rFire    . . .     SeeInvis .   a - +4 war axe (vamp)
rCold    + . .     Gourm    .   (no shield)
rNeg     + . .     Faith    .   r - +0 plate armour
rPois    .         Spirit   .   p - +0 hat of Okawaru's Esteem {*Contam rElec rC+ rCorr}
rElec    +         Reflect  +   K - +1 cloak {MR+}
rCorr    +         Harm     .   L - +2 pair of gloves {archery}
MR       +++..                  (no boots)
Stlth    ..........             f - amulet of reflection
HPRegen  0.00/turn              n - +6 ring of dexterity
MPRegen  0.11/turn              R - ring of flight

@: silence, heroism, finesse, non-regenerating
A: damage resistance, heal wounds, negative energy resistance 1, sense
surroundings 2, no regeneration
}: 2/15 runes: barnacled, gossamer
a: Heal Wounds, Renounce Religion, Evoke Flight


You were on level 5 of the Pits of Slime.
You worshipped Okawaru.
Okawaru was exalted by your worship.
You were full.

You visited 6 branches of the dungeon, and saw 29 of its levels.

You collected 688 gold pieces.
You spent 102 gold pieces at shops.

Inventory:

Hand Weapons
 a - a +4 vampiric war axe (weapon)
 b - the +6 arbalest "Damnation" {damnation}
   (You found it on level 4 of the Dungeon)
 G - a +2 executioner's axe of electrocution
 O - a +4 triple crossbow of flaming
Missiles
 h - 137 bolts
 N - 3 throwing nets (quivered) {!f}
Armour
 c - a +0 kite shield
 p - the +0 hat of Okawaru's Esteem (worn) {*Contam rElec rC+ rCorr}
   (Okawaru gifted it to you on level 2 of the Spider Nest)

   It protects you from cold.
   It insulates you from electricity.
   It causes magical contamination when unequipped.
   It provides partial protection from all sources of acid and corrosion.
 q - a scarf of resistance
 r - a +0 plate armour (worn)
 u - a +0 tower shield
 K - a +1 cloak of magic resistance (worn)
 L - a +2 pair of gloves of archery (worn)
Jewellery
 f - an amulet of reflection (around neck)
 n - a +6 ring of dexterity (left hand)
 z - an uncursed ring of protection from fire
 R - a ring of flight (right hand)
Wands
 l - a wand of paralysis (14)
 y - a wand of acid (4) {@v1}
 F - a wand of enslavement (2)
Scrolls
 C - 2 scrolls of magic mapping {@r5 !r}
 P - 2 scrolls of teleportation {@r3 !r}
Potions
 d - a potion of might {@q3 !q}
 g - a potion of haste {@q4 !q}
 i - a potion of mutation {unknown}
 j - 2 potions of stabbing {@q5 !q}
 m - 2 potions of resistance
 t - a potion of degeneration {unknown}
 A - a potion of invisibility
 E - 2 potions of magic
 H - 3 potions of cancellation
 I - a potion of lignification {unknown}
 J - 2 potions of heal wounds {unknown}
 M - a potion of flight {unknown}
 Q - a potion of ambrosia
Miscellaneous
 s - a tin of tremorstones (1/3)
Comestibles
 e - 9 rations


   Skills:
 + Level 12.3(17.3) Fighting
 - Level 11.0(16.0) Axes
 - Level 17.2(22.2) Crossbows
 + Level 9.5(14.5) Armour
 + Level 10.2(15.2) Dodging
 - Level 3.2(8.2) Shields
 - Level 10.0 Invocations
 + Level 14.6 Evocations


You had 15 spell levels left.
You didn't know any spells.
Your spell library was empty.

Dungeon Overview and Level Annotations

Branches:
Dungeon (10/15)            Temple (1/1) D:4            Lair (5/6) D:10
 Shoals (4/4) Lair:4       Spider (4/4) Lair:2        Slime (5/5) Lair:5
    Orc: D:9-12

Altars:
Ashenzari
Cheibriados
Fedhas
Gozag
Hepliaklqana
Kikubaaqudgha
Nemelex Xobeh
Okawaru
Ru
Trog
Uskayaw
Vehumet
Xom

Shops:
D:5 [   D:7 *

Portals:
Ice
Cave: Spider:4

Annotations:
Lair:2 2 transporters
Spider:4 exclusion: 2 ice statues
Slime:5 Royal Jelly


Innate Abilities, Weirdness & Mutations

You are resistant to damage.
You can heal yourself by infusing magical energy.
You resist negative energy. (rN+)
You passively map the area around you.
You do not regenerate.


Message History

The burst of rock shards engulfs the Royal Jelly!
The burst of rock shards engulfs the azure jelly!!
The burst of rock shards engulfs the death ooze!
The Royal Jelly shudders vigorously.
The Royal Jelly spits out two more jellies.
The acid blob spits acid at you. The splash of acid hits you. You resist.
You are splashed with acid.
You resist.
Firing (i - inventory. (/) - cycle)
h - 140 bolts (quivered)
Press: ? - help, Shift-Dir - straight line, p - azure jelly You shoot a damnation bolt.
The damnation bolt explodes!
The damnation engulfs the azure jelly!!
You kill the azure jelly!
That felt strangely unrewarding.
The damnation engulfs the acid blob!!
You kill the acid blob!
That felt strangely unrewarding.
The damnation engulfs the azure jelly!
The azure jelly is almost dead.
The azure jelly barely misses you. The azure jelly completely misses you.
The azure jelly hits you but does no damage. x2
Firing (i - inventory. (/) - cycle)
h - 139 bolts (quivered)
Press: ? - help, Shift-Dir - straight line You shoot a damnation bolt.
The damnation bolt explodes!
The damnation engulfs the azure jelly!!
You kill the azure jelly!
That felt strangely unrewarding.
The damnation engulfs the Royal Jelly!!
The Royal Jelly is severely wounded.
The damnation engulfs the death ooze!!
You destroy the death ooze!
That felt strangely unrewarding.
The Royal Jelly shudders vigorously.
The Royal Jelly spits out two more jellies.
Firing (i - inventory. (/) - cycle)
h - 138 bolts (quivered)
Press: ? - help, Shift-Dir - straight line You shoot a damnation bolt.
The damnation bolt explodes!
The damnation engulfs the azure jelly!!
The azure jelly is moderately wounded.
The damnation engulfs the Royal Jelly!!
The Royal Jelly is almost dead.
The Royal Jelly shudders vigorously.
The Royal Jelly spits out two more jellies.
The Royal Jelly hits you!!
You are splashed with acid.
You resist. The Royal Jelly closely misses you.
The Royal Jelly hits you but does no damage.
You block the Royal Jelly's attack. The death ooze hits you!
You feel your flesh rotting away! The death ooze closely misses you.
A shining eye comes into view.
Firing (i - inventory. (/) - cycle)
h - 137 bolts (quivered)
Press: ? - help, Shift-Dir - straight line, f - death ooze
Aim: a death ooze
Okay, then.
You can now deal lightning-fast blows.
The Royal Jelly hits you!!
You are splashed with acid.
You resist. The Royal Jelly misses you. The death ooze barely misses you.
The death ooze hits you! The azure jelly completely misses you.
The azure jelly hits you but does no damage. x2
The azure jelly hits you.
Okay, then.
Okay, then.
Unknown command.
You feel a sense of dread.
a - a +4 vampiric war axe (weapon)
The Royal Jelly hits you!
You are splashed with acid.
You resist.
The Royal Jelly hits you but does no damage.
The death ooze hits you!
* * * LOW HITPOINT WARNING * * *
The death ooze completely misses you.
A slime creature comes into view.
You feel much better. The acid blob spits acid at you.
The splash of acid hits you. You resist.
You are splashed with acid.
You resist.
The azure jelly hits you but does no damage.
The azure jelly hits you! The azure jelly freezes you! You resist.
You block the azure jelly's attack.
The azure jelly hits you but does no damage.
The Royal Jelly misses you. The Royal Jelly hits you!
* * * LOW HITPOINT WARNING * * *
You are splashed with acid.
You resist.
* * * LOW HITPOINT WARNING * * *
The death ooze hits you but does no damage.
The death ooze hits you!
* * * LOW HITPOINT WARNING * * *
The azure jelly barely misses you. You block the azure jelly's attack.
The azure jelly closely misses you.
The azure jelly hits you but does no damage.
As you read the scroll labeled SYIPLA WERPH, it crumbles to dust.
A profound silence engulfs you.
It was a scroll of silence.
The Royal Jelly hits you but does no damage.
The Royal Jelly hits you!
* * * LOW HITPOINT WARNING * * *
You are splashed with acid.
You resist.
* * * LOW HITPOINT WARNING * * *
You block the death ooze's attack. The death ooze hits you.
* * * LOW HITPOINT WARNING * * *
The azure jelly hits you but does no damage.
The azure jelly misses you.
The azure jelly hits you but does no damage. x2
The acid blob hits you!!
* * * LOW HITPOINT WARNING * * *
You are splashed with acid.
You resist.
You die...

, , , , ,
,............... ,
.......J......., ,
, ............G..
, , ,
............... ,
, ,
............... ,
, .......J.......
, ,
.....JJJJJ..... ,
.......@J......, ,
, ,
...............,,,
, ,
,.......!....... ,
,, ,
............... ,,
, ,
............... ,,
, , , ,
............... ,
, ...............,
,,
**.......<.......
.............##


You could see the Royal Jelly, 2 acid blobs, 2 azure jellies, a slime creature,
a shining eye and 2 death oozes.

Vanquished Creatures
  7 acid blobs (Slime:5)
  8 azure jellies
  4 ghost moths (Spider:4)
  2 emperor scorpions
  2 entropy weavers
  3 spark wasps (Spider:4)
  3 merfolk javelineers (Shoals:4)
  6 death oozes (Slime:5)
  5 merfolk impalers
  A great orb of eyes (Slime:3)
  2 hydras (Lair:2)
  An alligator snapping turtle (Shoals:4)
  3 merfolk aquamancers
  A merfolk avatar (Shoals:4)
  Sonja (D:10)
  A glowing orange brain (Slime:4)
  10 sea snakes
  10 harpies
  21 orb spiders
  21 wolf spiders
  3 fauns (Shoals:1)
  A cyclops (Shoals:4)
  4 manticores
  A moth of wrath (Spider:2)
  A merfolk siren (Shoals:4)
  Maurice (D:10)
  A black mamba (Lair:2)
  Joseph (D:7)
  A water nymph (Shoals:4)
  An eye of devastation (Slime:5)
  2 spiny frogs
  4 komodo dragons
  A yaktaur (D:10)
  11 demonic crawlers
  19 merfolk
  A polar bear (Lair:5)
  25 jumping spiders
  3 wind drakes
  3 hippogriffs
  4 blink frogs (Lair:4)
  3 dream sheep (Shoals:4)
  14 hornets
  43 slime creatures
  3 snapping turtles
  54 redbacks
  37 tarantellas
  6 water elementals
  6 yaks
  9 golden eyes
  3 water moccasins
  9 porcupines
  2 sky beasts (D:10)
  3 black bears
  2 eyes of draining
  An ice beast (D:10)
  3 wolves (Lair:4)
  4 centaurs
  3 ogres
  6 crocodiles
  A big kobold (D:9)
  14 bullfrogs
  4 scorpions
  5 wights (D:9)
  An electric eel (Spider:4)
  A crimson imp (D:5)
  A quasit (D:7)
  2 hounds
  2 orc priests
  An orc wizard (D:6)
  A centaur skeleton (D:5)
  A bullfrog skeleton (D:5)
  An iguana (D:4)
  5 worker ants
  A hound zombie (D:5)
  5 adders
  3 howler monkey skeletons
  A river rat (Lair:2)
  2 shadow imps
  An ooze (D:6)
  2 worms
  3 leopard geckos
  13 orcs
  A giant cockroach (D:1)
  5 goblins
  A hobgoblin (D:3)
  2 jackals (D:4)
  3 quokkas
  A ball python (D:3)
  2 bats (D:3)
  7 kobolds
  2 fungi
506 creatures vanquished.

Vanquished Creatures (others)
  A redback (Spider:4)
  A fungus (Lair:3)
  2 plants (Shoals:3)
4 creatures vanquished.

Grand Total: 510 creatures vanquished

Notes
Turn   | Place    | Note
-------+----------+-------------------------------------------
     0 | D:1      | EnegeticOcto the Deep Dwarf Fighter began the quest for the
                  | Orb.
     0 | D:1      | Reached XP level 1. HP: 20/20 MP: 1/1
   175 | D:3      | Reached skill level 3 in Axes
   176 | D:3      | Reached XP level 2. HP: 24/27 MP: 2/2
   336 | D:3      | Reached XP level 3. HP: 28/33 MP: 3/3
   404 | D:4      | Noticed an ogre
   406 | D:4      | Reached skill level 4 in Axes
   416 | D:4      | HP: 1/33 [ogre/+0 giant spiked club (15)]
   417 | D:4      | Your magical essence is drained by the effort!
   425 | D:4      | Killed an ogre
   425 | D:4      | Reached skill level 5 in Axes
   425 | D:4      | Reached XP level 4. HP: 29/40 MP: 3/3
   432 | D:4      | Reached skill level 6 in Axes
   432 | D:4      | Reached XP level 5. HP: 32/46 MP: 4/4
   615 | D:5      | Entered Level 5 of the Dungeon
   673 | D:5      | Reached XP level 6. HP: 46/55 MP: 5/5
   686 | D:5      | Reached skill level 7 in Axes
   686 | D:5      | Reached skill level 1 in Evocations
   696 | D:5      | Found a bloodstained altar of Trog.
   766 | D:5      | Reached skill level 2 in Evocations
   835 | D:5      | Found Mayll's Armour Boutique.
   841 | D:5      | Reached skill level 3 in Evocations
   852 | D:5      | Reached XP level 7. HP: 43/61 MP: 8/8
   855 | D:5      | Reached skill level 8 in Axes
   855 | D:5      | Reached skill level 4 in Evocations
   872 | D:5      | Bought a +0 tower shield for 45 gold pieces
   884 | D:4      | Found a staircase to the Ecumenical Temple.
   885 | D:4      | Found the +6 arbalest "Damnation" {damnation}
   886 | D:4      | Found a faded altar of an unknown god.
   895 | Temple   | Entered the Ecumenical Temple
   962 | Temple   | Became a worshipper of Warmaster Okawaru
  1048 | D:6      | Reached skill level 1 in Crossbows
  1048 | D:6      | Reached skill level 1 in Invocations
  1051 | D:6      | Reached skill level 3 in Fighting
  1103 | D:6      | Reached skill level 2 in Crossbows
  1200 | D:7      | Noticed a hippogriff
  1203 | D:7      | Reached skill level 2 in Invocations
  1205 | D:7      | Killed a hippogriff
  1205 | D:7      | Reached skill level 3 in Crossbows
  1205 | D:7      | Reached skill level 3 in Invocations
  1205 | D:7      | Reached XP level 8. HP: 27/69 MP: 10/10
  1206 | D:7      | Reached * piety under Okawaru
  1206 | D:7      | Reached skill level 4 in Crossbows
  1206 | D:7      | Noticed Joseph
  1208 | D:7      | Killed Joseph
  1208 | D:7      | Reached skill level 4 in Fighting
  1208 | D:7      | Reached skill level 5 in Crossbows
  1208 | D:7      | Reached skill level 4 in Invocations
  1230 | D:7      | Found Pygoj's General Store.
  1236 | D:7      | Bought 8 bolts for 25 gold pieces
  1236 | D:7      | Bought a scroll of identify for 32 gold pieces
  1249 | D:7      | Your magical essence is drained by the effort!
  1340 | D:9      | Reached skill level 1 in Dodging
  1340 | D:9      | Reached skill level 6 in Crossbows
  1341 | D:9      | Reached ** piety under Okawaru
  1344 | D:9      | Reached skill level 2 in Dodging
  1425 | D:10     | Entered Level 10 of the Dungeon
  1427 | D:10     | Noticed Sonja
  1430 | D:10     | Killed Sonja
  1430 | D:10     | Reached skill level 5 in Fighting
  1430 | D:10     | Reached skill level 7 in Crossbows
  1430 | D:10     | Reached skill level 3 in Dodging
  1430 | D:10     | Gained mutation: You passively map the area around you.
                  | [Deep Dwarf growth]
  1430 | D:10     | Reached XP level 9. HP: 78/81 MP: 10/10
  1444 | D:10     | Reached *** piety under Okawaru
  1444 | D:10     | Reached skill level 8 in Crossbows
  1451 | D:10     | Reached skill level 4 in Dodging
  1574 | D:10     | Found a staircase to the Lair.
  1590 | D:10     | Reached skill level 9 in Crossbows
  1597 | D:10     | Received a gift from Okawaru
  1597 | D:10     | Reached skill level 6 in Fighting
  1613 | D:10     | Noticed Maurice
  1618 | D:10     | Noticed a yaktaur
  1623 | D:10     | Killed Maurice
  1623 | D:10     | Reached skill level 5 in Dodging
  1625 | D:10     | Killed a yaktaur
  1625 | D:10     | Reached **** piety under Okawaru
  1625 | D:10     | Reached XP level 10. HP: 40/92 MP: 11/11
  1682 | Lair:1   | Entered Level 1 of the Lair of Beasts
  1753 | Lair:2   | Noticed a seven-headed hydra
  1761 | Lair:2   | Noticed a five-headed hydra
  1765 | Lair:2   | Found a transporter.
  1767 | Lair:2   | Received a gift from Okawaru
  1767 | Lair:2   | Reached skill level 10 in Crossbows
  1768 | Lair:2   | Killed a seven-headed hydra
  1768 | Lair:2   | Reached skill level 5 in Evocations
  1770 | Lair:2   | Killed a five-headed hydra
  1770 | Lair:2   | Reached ***** piety under Okawaru
  1770 | Lair:2   | Reached skill level 7 in Fighting
  1770 | Lair:2   | Reached skill level 11 in Crossbows
  1770 | Lair:2   | Reached skill level 6 in Evocations
  1778 | Lair:2   | Received a gift from Okawaru
  1794 | Lair:2   | Found a hole to the Spider Nest.
  1815 | Spider:1 | Entered Level 1 of the Spider Nest
  1826 | Spider:1 | Received a gift from Okawaru
  1826 | Spider:1 | Noticed an orb spider
  1828 | Spider:1 | Killed an orb spider
  1828 | Spider:1 | Reached skill level 7 in Evocations
  1828 | Spider:1 | Reached XP level 11. HP: 98/100 MP: 12/14
  1830 | Spider:1 | Received a gift from Okawaru
  1833 | Spider:1 | Reached skill level 12 in Crossbows
  1841 | Spider:1 | Noticed an orb spider
  1845 | Spider:1 | Killed an orb spider
  1845 | Spider:1 | Reached skill level 8 in Fighting
  1855 | Spider:1 | Reached skill level 8 in Evocations
  1870 | Spider:2 | Received a gift from Okawaru
  1874 | Spider:2 | Noticed an orb spider
  1875 | Spider:2 | Noticed a wolf spider
  1876 | Spider:2 | Noticed an entropy weaver
  1883 | Spider:2 | Reached ****** piety under Okawaru
  1887 | Spider:2 | Noticed an orb spider
  1889 | Spider:2 | Reached skill level 13 in Crossbows
  1890 | Spider:2 | Killed an orb spider
  1890 | Spider:2 | Reached skill level 9 in Evocations
  1891 | Spider:2 | Received a gift from Okawaru
  1896 | Spider:2 | Received a gift from Okawaru
  1899 | Spider:2 | Killed an entropy weaver
  1899 | Spider:2 | Received a gift from Okawaru
  1899 | Spider:2 | Reached skill level 9 in Fighting
  1899 | Spider:2 | Reached XP level 12. HP: 107/114 MP: 14/17
  1902 | Spider:2 | Reached skill level 10 in Evocations
  1906 | Spider:2 | Reached skill level 14 in Crossbows
  1906 | Spider:2 | Noticed an emperor scorpion
  1911 | Spider:2 | Killed an emperor scorpion
  1912 | Spider:2 | Got a polished hat {god gift}
  1923 | Spider:2 | Identified the +0 hat of Okawaru's Esteem {*Contam rElec
                  | rC+ rCorr} (Okawaru gifted it to you on level 2 of the
                  | Spider Nest)
  1960 | Spider:3 | Reached skill level 11 in Evocations
  1961 | Spider:3 | Your magical essence is drained by the effort!
  1962 | Spider:3 | Received a gift from Okawaru
  1963 | Spider:3 | Reached skill level 15 in Crossbows
  1972 | Spider:3 | Reached skill level 10 in Fighting
  1974 | Spider:3 | Received a gift from Okawaru
  1980 | Spider:3 | Your magical essence is drained by the effort!
  1981 | Spider:3 | Your magical essence is drained by the effort!
  1982 | Spider:3 | Your magical essence is drained by the effort!
  1982 | Spider:3 | Reached XP level 13. HP: 61/123 MP: 15/15
  1990 | Spider:3 | Reached skill level 12 in Evocations
  2011 | Spider:4 | Entered Level 4 of the Spider Nest
  2021 | Spider:4 | Your magical essence is drained by the effort!
  2022 | Spider:4 | Reached skill level 16 in Crossbows
  2034 | Spider:4 | Received a gift from Okawaru
  2039 | Spider:4 | Noticed an entropy weaver
  2041 | Spider:4 | Noticed a spark wasp
  2046 | Spider:4 | Killed an entropy weaver
  2047 | Spider:4 | Killed a spark wasp
  2047 | Spider:4 | Reached skill level 11 in Fighting
  2047 | Spider:4 | Reached skill level 13 in Evocations
  2050 | Spider:4 | Your magical essence is drained by the effort!
  2057 | Spider:4 | Found a frozen archway.
  2106 | Spider:4 | Gained mutation: You resist negative energy. (rN+) [Deep
                  | Dwarf growth]
  2106 | Spider:4 | Reached XP level 14. HP: 90/135 MP: 9/15
  2128 | Spider:4 | Reached skill level 17 in Crossbows
  2129 | Spider:4 | Received a gift from Okawaru
  2137 | Spider:4 | Killed a ghost moth
  2137 | Spider:4 | Reached skill level 4 in Armour
  2138 | Spider:4 | Reached skill level 5 in Invocations
  2140 | Spider:4 | Killed a ghost moth
  2141 | Spider:4 | Received a gift from Okawaru
  2175 | Spider:4 | Noticed an emperor scorpion
  2176 | Spider:4 | Reached skill level 6 in Dodging
  2178 | Spider:4 | Killed a ghost moth
  2180 | Spider:4 | Reached skill level 5 in Armour
  2180 | Spider:4 | Reached skill level 6 in Invocations
  2185 | Spider:4 | Your magical essence is drained by the effort!
  2189 | Spider:4 | Your magical essence is drained by the effort!
  2190 | Spider:4 | Your magical essence is drained by the effort!
  2191 | Spider:4 | Killed a ghost moth
  2195 | Spider:4 | Killed an emperor scorpion
  2195 | Spider:4 | Received a gift from Okawaru
  2195 | Spider:4 | Reached skill level 9 in Axes
  2215 | Spider:4 | Got a gossamer rune of Zot
  2491 | Lair:3   | Reached skill level 7 in Invocations
  2668 | Lair:2   | Reached skill level 7 in Dodging
  2701 | Lair:2   | Found a transporter.
  2928 | Lair:4   | Reached skill level 6 in Armour
  2990 | Lair:4   | Identified a scroll of acquirement
  3059 | Lair:4   | Found a staircase to the Shoals.
  3068 | Shoals:1 | Entered Level 1 of the Shoals
  3118 | Shoals:1 | Reached skill level 10 in Axes
  3150 | Shoals:2 | Your magical essence is drained by the effort!
  3158 | Shoals:2 | Your magical essence is drained by the effort!
  3237 | Shoals:2 | Reached skill level 8 in Invocations
  3238 | Shoals:2 | Reached XP level 15. HP: 70/142 MP: 4/11
  3308 | Shoals:3 | Your magical essence is drained by the effort!
  3342 | Shoals:3 | Reached skill level 7 in Armour
  3342 | Shoals:3 | Reached skill level 8 in Dodging
  3357 | Shoals:3 | Your magical essence is drained by the effort!
  3373 | Shoals:3 | Reached skill level 11 in Axes
  3383 | Shoals:3 | Your magical essence is drained by the effort!
  3386 | Shoals:3 | Your magical essence is drained by the effort!
  3389 | Shoals:4 | Entered Level 4 of the Shoals
  3509 | Shoals:4 | Received a gift from Okawaru
  3637 | Shoals:4 | Your magical essence is drained by the effort!
  3653 | Shoals:4 | Received a gift from Okawaru
  3714 | Shoals:4 | Received a gift from Okawaru
  3716 | Shoals:4 | Reached skill level 9 in Invocations
  3718 | Shoals:4 | Reached skill level 8 in Armour
  3733 | Shoals:4 | Reached skill level 9 in Dodging
  3746 | Shoals:4 | Got a barnacled rune of Zot
  3940 | Lair:5   | Found a staircase to the Slime Pits.
  3967 | Slime:1  | Entered Level 1 of the Pits of Slime
  3975 | Slime:1  | Received a gift from Okawaru
  4013 | Slime:2  | Noticed an azure jelly
  4027 | Slime:2  | Killed an azure jelly
  4027 | Slime:2  | Received a gift from Okawaru
  4042 | Slime:2  | Received a gift from Okawaru
  4075 | Slime:3  | Noticed an azure jelly
  4080 | Slime:3  | Reached skill level 14 in Evocations
  4092 | Slime:3  | Killed an azure jelly
  4148 | Slime:4  | Reached skill level 12 in Fighting
  4148 | Slime:4  | Reached skill level 10 in Invocations
  4163 | Slime:5  | Entered Level 5 of the Pits of Slime
  4166 | Slime:5  | Noticed an azure jelly
  4168 | Slime:5  | Killed an azure jelly
  4168 | Slime:5  | Reached skill level 9 in Armour
  4175 | Slime:5  | Received a gift from Okawaru
  4175 | Slime:5  | Noticed an acid blob
  4181 | Slime:5  | Noticed an acid blob
  4187 | Slime:5  | Killed an acid blob
  4187 | Slime:5  | Reached XP level 16. HP: 152/152 MP: 1/8
  4199 | Slime:5  | Killed an acid blob
  4199 | Slime:5  | Received a gift from Okawaru
  4199 | Slime:5  | Reached skill level 10 in Dodging
  4199 | Slime:5  | Noticed an acid blob
  4202 | Slime:5  | Killed an acid blob
  4253 | Slime:5  | Noticed an acid blob
  4257 | Slime:5  | Killed an acid blob
  4263 | Slime:5  | Noticed the Royal Jelly
  4264 | Slime:5  | Noticed an acid blob
  4267 | Slime:5  | Noticed an acid blob
  4268 | Slime:5  | Noticed an acid blob
  4271 | Slime:5  | Killed an acid blob
  4271 | Slime:5  | Killed an acid blob
  4271 | Slime:5  | Noticed an acid blob
  4272 | Slime:5  | Killed an acid blob
  4274 | Slime:5  | Noticed an acid blob
  4278 | Slime:5  | HP: 1/153 [acid blob[the Royal Jelly] (17)]
  4278 | Slime:5  | Splashed by an acid blob's acid

Illustrated notes

Levels and vault maps discovered:
D:1:      psy_arrival_whirlpool, layout_loops_ring, st_stairs_10
D:2:      layout_basic, uniq_crazy_yiuf_cottage, uniq_jessica
D:3:      layout_basic, nicolae_overflow_hidden_temple,
          gammafunk_temple_overflow_elements
D:4:      minmay_general_purpose_star, layout_loops_ring,
          nicolae_temple_entry_ecumenical
D:5:      minmay_clustersquares, layout_basic, serial_shops,
          nicolae_shop_statue_plus, first_ration, trog_three_pillars_becter
D:6:      layout_rooms, marbit_many_paths, minmay_fire_ice_demons
D:7:      layout_basic, old_standard_altar, yredelemnul_altar_generic,
          minmay_shop_grid_forest, nicolae_benzene_ring, uniq_joseph,
          uniq_menkaure
D:8:      layout_basic, nicolae_dithmenos_through_a_glass_darkly, zin_purify,
          uniq_erica
D:9:      layout_layer_cave, lemuel_doored_altar, orc_0_dummy
D:10:     layout_cave_pools, due_lair_maze_entry_diamond, special_room
          [special_room_orc], grunt_ogre_cave, minmay_sticks_and_stones,
          uniq_maurice, uniq_sonja
Temple:   dshaligram_water_room_temple
Lair:1:   layout_loops_ring, chequers_serial_rivers_micro_c,
          infiniplex_staircase_pool
Lair:2:   gammafunk_cloud_chamber, layout_misc_corridors,
          spider_nest_entry_rubble, kennysheep_abandoned_house
Lair:3:   layout_loops_ring
Lair:4:   layout_roguey, shoals_dummy_entry, grunt_megastairs_2,
          infiniplex_staircase_pool_2, lemuel_fruit_tree
Lair:5:   layout_misc_corridors, slime_dummy, chequers_serial_rivers_small_3,
          serial_bayou_shore_a, grunt_megastairs_3
Shoals:1: layout_shoals, minmay_shop_mayhem
Shoals:2: layout_shoals
Shoals:3: layout_shoals, nicolae_shoals_kraken_intersection
Shoals:4: shoals_end_hangedman, layout_shoals, serial_shops, nicolae_shop_trees,
          nicolae_shop_overgrown_old_shop
Spider:1: layout_spider_delve
Spider:2: nicolae_spider_corner, nicolae_arachne_temple, uniq_nikola
Spider:3: layout_spider_delve, drop_trap
Spider:4: spider_rune_water, portal_ice_cave_entry_ice_statue_two,
          nicolae_spider_nook
Slime:1:  layout_caves, cheibrodos_slime_lost_civilization_5
Slime:2:  layout_caves
Slime:3:  layout_caves
Slime:4:  layout_caves, nicolae_slime_barrier
Slime:5

Skill      XL: |  1  2  3  4  5  6  7  8  9 10 11 12 13 14 15 16 |
---------------+-------------------------------------------------+-----
Axes           | 3 5 6 7 8 10 11 | 11.0
Evocations     | 3 4 7 9 11 13 14 | 14.6
Crossbows      | 3 7 9 11 13 15 16 17 | 17.2
Invocations    | 3 4 8 10 | 10.0
Fighting       | 3 5 6 7 9 10 11 12 | 12.3
Dodging        | 3 5 7 9 10 | 10.2
Armour         | 6 9 |  9.5
Shields        | |  3.2

Action                   |  1- 3 |  4- 6 |  7- 9 | 10-12 | 13-15 | 16-18 || total
-------------------------+-------+-------+-------+-------+-------+-------++-------
Melee: War axe           |    52 |    95 |    96 |    30 |   564 |    51 ||   888
       Punch             |       |       |       |       |     5 |     3 ||     8
       Arbalest          |       |       |       |       |     1 |       ||     1
 Fire: Arbalest          |       |       |    22 |    70 |   120 |    19 ||   231
Throw: Dart              |       |       |       |       |     3 |       ||     3
Invok: Heroism           |       |       |       |     3 |    24 |     1 ||    28
       Finesse           |       |       |       |       |     7 |     1 ||     8
 Abil: Heal Wounds       |     3 |     3 |     5 |    16 |    39 |     1 ||    67
       Evoke Flight      |       |       |       |       |     6 |       ||     6
Evoke: Tin of tremorston |       |       |       |     6 |    10 |     2 ||    18
       Wand              |       |       |       |     5 |    34 |       ||    39
  Use: Scroll            |     3 |     2 |     3 |     1 |    14 |     1 ||    24
       Potion            |       |       |       |       |     3 |       ||     3
 Stab: Paralysed         |       |       |       |       |     8 |       ||     8
  Eat: Chunk             |       |       |     3 |     1 |     1 |       ||     5
       Ration            |       |       |       |       |     4 |       ||     4
Armor: Scale mail        |    30 |     6 |       |       |       |       ||    36
       Plate armour      |       |    65 |    75 |    76 |   329 |    32 ||   577
Dodge: Dodged            |    25 |    16 |    48 |    40 |   414 |    36 ||   579
Block: Kite shield       |    94 |   103 |     2 |       |       |       ||   199
       Reflection        |     1 |     1 |     3 |       |    11 |       ||    16
       Other             |       |       |    33 |    27 |   153 |    15 ||   228
